Map: Proxima Station LE

Players

没有征兆鸡吧没了

  • Race: Terran Terran
  • League: Master
  • Spawn Location: 1:00

NORTHAMERICA - Winner!

  • Race: Protoss Protoss
  • League: Grandmaster
  • Spawn Location: 7:00

VOD

Have the link to the VOD?

Description

Time

  • Played on: April 10, 2017, 12:56 a.m.
  • Length: 14:49
Show
View Real Time Build Order
Export as new Build Order

没有征兆鸡吧没了 Terran 

Build Orders: Reaper Expand, MMM Bio 

Get SALT Encoding   

  12  0:00  SCV  
  13  0:12  SCV  
  14  0:18  Supply Depot  
  14  0:25  SCV  
  14  0:27  Refinery  
  15  0:39  SCV  
  16  0:44  Barracks  
  16  0:51  SCV  
  17  1:03  SCV  
  18  1:15  SCV  
  19  1:32  Orbital Command, Reaper  
  20  1:44  Command Center  
  20  1:54  Factory  
  20  1:58  SCV  
  21  2:04  Barracks Reactor  
  21  2:08  Supply Depot  
  21  2:12  SCV  
  22  2:16  Refinery  
  22  2:24  SCV  
  23  2:36  SCV  
  24  2:43  Marine  
  25  2:46  Widow Mine  
  25  2:48  SCV  
  25  2:49  Starport  
  25  2:50  Marine  
  28  2:57  Orbital Command  
  28  3:00  SCV  
  29  3:09  Marine x2  
  31  3:15  SCV  
  31  3:16  Widow Mine  
  34  3:22  SCV  
  34  3:26  Medivac  
  37  3:27  SCV  
  37  3:29  Marine x2  
  37  3:33  Supply Depot  
  40  3:36  SCV  
  40  3:39  SCV  
  42  3:47  Marine x2  
  44  3:50  SCV  
  44  3:51  SCV  
  44  3:54  Factory Tech Lab  
  46  3:55  Barracks  
  46  3:57  Barracks  
  46  4:00  Starport Tech Lab  
  46  4:02  SCV  
  47  4:03  SCV  
  48  4:13  Supply Depot, Marine x2  
  48  4:14  SCV  
  48  4:15  SCV  
  52  4:22  Factory Reactor  
  52  4:26  SCV  
  52  4:28  Engineering Bay, SCV  
  54  4:32  Starport Reactor  
  54  4:34  Marine  
  54  4:35  Marine  
  54  4:37  Supply Depot  
  56  4:38  SCV  
  56  4:40  SCV  
  56  4:50  SCV  
  56  4:52  Marine, SCV  
  56  4:53  Marine  
  56  4:54  Terran Infantry Weapons Level 1  
  56  4:56  Marine  
  56  4:58  Stimpack, Marine, Combat Shields  
  60  5:00  Widow Mine x2  
  60  5:05  Supply Depot  
  60  5:06  SCV x2  
  66  5:18  Marine  
  66  5:19  Marine x2  
  69  5:27  Command Center  
  69  5:28  Supply Depot, SCV x2  
  71  5:30  Refinery  
  71  5:31  Medivac, Refinery  
  71  5:32  Medivac, Widow Mine  
  77  5:40  Marine  
  78  5:45  Supply Depot  
  78  5:49  Widow Mine  
  78  5:50  Marine x3, SCV x2  
  85  5:58  Marine  
  85  6:00  Barracks  
  85  6:01  Barracks  
  86  6:06  SCV  
  86  6:07  Marine  
  87  6:15  Marauder  
  87  6:16  Marauder  
  87  6:17  Medivac, Concussive Shells  
  93  6:20  Supply Depot  
  93  6:21  Supply Depot  
  93  6:23  Medivac  
  93  6:25  SCV x2  
  97  6:27  Marine x2  
  97  6:30  Widow Mine  
  101  6:36  Marine  
  101  6:38  Marauder, Widow Mine  
  106  6:45  Marine x2  
  108  6:50  Terran Infantry Armor Level 1  
  108  6:53  Barracks Reactor, Barracks Tech Lab  
  108  6:54  Marine  
  109  6:58  Medivac  
  109  6:59  Medivac  
  109  7:00  Marauder  
  115  7:05  SCV  
  115  7:06  Orbital Command, SCV  
  115  7:08  Marine x2  
  119  7:11  Widow Mine  
  119  7:12  Marauder  
  123  7:17  SCV  
  123  7:18  SCV  
  125  7:24  Marine x2  
  125  7:25  Marine  
  125  7:29  Supply Depot, SCV  
  129  7:30  Marine x2  
  129  7:32  Supply Depot  
  129  7:33  Marine  
  132  7:39  SCV  
  132  7:41  SCV  
  132  7:42  SCV  
  132  7:43  Marauder  
  133  7:44  Marauder  
  133  7:50  Marine x3  
  134  7:51  Marauder, Marine  
  134  7:58  SCV  
  134  8:04  Marine  
  135  8:06  Marauder  
  135  8:08  Marine x2  
  135  8:13  Marauder, Marine x2  
  136  8:22  Marine  
  136  8:26  Marine  
  133  8:27  Marauder  
  133  8:28  SCV  
  133  8:29  SCV x2  
  133  8:33  Marine  
  133  8:34  Marauder, Marine, Barracks x2  
  139  8:35  Barracks  
  139  8:36  Viking x2  
  139  8:41  Engineering Bay, Armory, Refinery, SCV  
  144  8:42  SCV  
  144  8:46  SCV  
  146  8:49  Supply Depot x2  
  146  8:53  Starport, SCV  
  146  8:55  Marine x2  
  146  8:56  Marauder  
  149  9:13  Viking x2  
  154  9:18  Marine x2  
  154  9:19  Marauder  
  157  9:28  Terran Infantry Armor Level 2  
  157  9:29  Terran Infantry Weapons Level 2  
  157  9:30  Terran Ship Weapons Level 1  
  157  9:31  Marine  
  158  9:32  Command Center  
  126  9:46  Marine  
  126  9:47  Marauder, Marine  
  109  9:55  Marine x2  
  109  9:57  Barracks Reactor, Barracks Tech Lab x2  
  104  10:00  SCV x2  
  104  10:04  Viking x2  
  104  10:05  Viking x2  
  112  10:16  Marine x4  
  112  10:17  Marauder x4  
  112  10:18  Marauder  
  112  10:20  Refinery  
  126  10:26  Liberator  
  126  10:27  Liberator x2  
  126  10:28  Liberator  
  126  10:32  Factory Reactor  
  126  10:34  Marine x4  
  126  10:35  Marine x2, SCV x2  
  132  10:38  Marauder x2, Marine x2  
  132  10:39  Marauder  
  154  10:51  Marine  
  154  10:52  Marine x2, Planetary Fortress  
  154  10:55  Refinery  
  154  10:56  Marauder  
  154  10:57  Marauder, Refinery  
  160  10:58  Marine x3  
  160  10:59  Marine  
  160  11:00  Marauder  
  160  11:03  Marine  
  167  11:09  Marine x3  
  170  11:16  Marine x2  
  170  11:17  Marauder  
  170  11:18  Marauder, Marine x2  
  176  11:21  Marine x2  
  179  11:25  Liberator  
  179  11:27  Marine x3  
  179  11:34  Marine x2  
  179  11:36  Marine  
  179  11:37  Marauder  
  179  11:39  Marauder x3, Marine  
  187  11:46  Liberator  
  188  11:48  Terran Infantry Armor Level 3  
  188  11:56  Terran Infantry Weapons Level 3  
  188  12:03  Marine x3  
  188  12:04  Marauder  
  196  12:11  Liberator  
  196  12:13  Marauder x2, Marine x4  
  196  12:19  Marine  
  196  12:21  Marine  
  196  12:28  Marauder, Marine x2  
  185  12:31  Marine x4  
  185  12:34  Marine  
  185  12:35  Marauder  
  192  12:37  Marine  
  192  12:39  Marine  
  194  12:45  Marine  
  194  12:48  Liberator x3  
  194  12:49  Marine  
  194  12:50  Orbital Command  
  196  12:54  Liberator  
  196  12:58  Marine x4  
  196  12:59  Marauder, Marine x3  
  196  13:01  Marauder  
  196  13:03  Marine  
  186  13:07  Marauder  
  194  13:16  Marine x2  
  196  13:20  Marauder x2, Marine x4  
  196  13:22  Marauder  
  151  13:28  Marauder  
  151  13:31  Liberator x3  
  151  13:32  Marine  
  151  13:33  Marine  
  142  13:36  Liberator, Marine  
  142  13:37  Marine x2  
  142  13:41  Marine x3  
  125  13:42  Marauder  
  125  13:43  Marauder  
  125  13:50  Marauder, Marine  
  125  13:52  Marauder  
  125  13:54  Marine  
  125  13:55  Marine x2  
  132  13:58  Marine  
  132  13:59  Marauder, Marine  
  137  14:03  Marauder  
  137  14:05  Marauder  
  137  14:08  Marine  
  142  14:11  Marine  
  142  14:13  Marauder  
  142  14:14  Marine x2  
  129  14:17  Marine x3  
  129  14:21  Marauder  
  134  14:25  Marauder  
Show
View Real Time Build Order
Export as new Build Order

NORTHAMERICA Protoss - Winner!

Build Orders: 1 Gate Expand, Double Forge, Colossus Rush 

Get SALT Encoding   

  12  0:01  Probe (Chrono Boost)  
  13  0:11  Probe (Chrono Boost)  
  14  0:17  Pylon  
  14  0:22  Probe (Chrono Boost)  
  16  0:35  Probe (Chrono Boost)  
  16  0:37  Gateway  
  16  0:46  Probe (Chrono Boost)  
  16  0:49  Assimilator  
  17  0:56  Probe (Chrono Boost)  
  18  1:07  Probe (Chrono Boost)  
  19  1:20  Nexus  
  19  1:31  Cybernetics Core  
  19  1:34  Probe (Chrono Boost)  
  20  1:45  Probe (Chrono Boost)  
  21  1:47  Assimilator  
  21  1:53  Pylon  
  21  1:55  Probe (Chrono Boost)  
  22  2:06  Probe (Chrono Boost)  
  23  2:09  Warp Gate  
  23  2:11  Adept  
  25  2:20  Mothership Core (Chrono Boost)  
  27  2:32  Pylon  
  27  2:34  Probe (Chrono Boost)  
  28  2:39  Probe (Chrono Boost)  
  29  2:44  Probe (Chrono Boost)  
  29  2:49  Probe (Chrono Boost)  
  31  2:52  Robotics Facility  
  31  2:55  Probe (Chrono Boost)  
  32  3:00  Probe (Chrono Boost)  
  34  3:05  Probe (Chrono Boost)  
  34  3:10  Probe (Chrono Boost)  
  35  3:14  Gateway  
  35  3:17  Gateway  
  36  3:20  Probe (Chrono Boost)  
  36  3:22  Probe (Chrono Boost)  
  37  3:30  Probe (Chrono Boost)  
  37  3:33  Probe (Chrono Boost)  
  39  3:37  Observer  
  41  3:42  Probe (Chrono Boost)  
  41  3:44  Probe (Chrono Boost)  
  41  3:47  Robotics Bay  
  42  3:53  Probe (Chrono Boost)  
  42  3:55  Probe (Chrono Boost)  
  44  3:56  Assimilator  
  44  3:58  Assimilator  
  44  3:59  Observer  
  45  4:03  Probe (Chrono Boost)  
  45  4:05  Pylon, Probe (Chrono Boost)  
  47  4:14  Probe (Chrono Boost)  
  47  4:15  Stalker  
  47  4:16  Pylon, Probe (Chrono Boost)  
  51  4:17  Stalker  
  51  4:23  Stalker  
  55  4:24  Probe (Chrono Boost)  
  55  4:26  Probe (Chrono Boost)  
  57  4:35  Probe (Chrono Boost), Observer  
  57  4:37  Probe (Chrono Boost)  
  60  4:41  Forge  
  60  4:42  Forge  
  60  4:52  Colossus  
  60  4:57  Pylon  
  66  5:02  Extended Thermal Lance  
  66  5:04  Pylon  
  66  5:09  Protoss Ground Armor Level 1, Protoss Ground Weapons Level 1  
  66  5:12  Gateway  
  66  5:13  Gateway  
  66  5:31  Probe (Chrono Boost)  
  66  5:32  Probe (Chrono Boost)  
  68  5:38  Nexus  
  68  5:41  Sentry  
  70  5:47  Twilight Council  
  70  5:52  Gateway  
  70  5:55  Pylon  
  71  5:58  Colossus, Probe (Chrono Boost)  
  78  6:04  Probe (Chrono Boost)  
  79  6:11  Probe (Chrono Boost)  
  79  6:16  Stalker x2, Probe (Chrono Boost)  
  79  6:17  Pylon  
  84  6:21  Adept  
  84  6:23  Probe (Chrono Boost)  
  84  6:24  Blink  
  87  6:33  Pylon  
  87  6:35  Probe (Chrono Boost)  
  87  6:37  Pylon  
  88  6:42  Probe (Chrono Boost)  
  88  6:43  Photon Cannon  
  88  6:46  Photon Cannon  
  89  6:49  Adept x2  
  89  6:53  Colossus  
  93  6:59  Probe (Chrono Boost)  
  93  7:01  Probe (Chrono Boost)  
  99  7:02  Sentry  
  99  7:06  Probe (Chrono Boost)  
  102  7:08  Adept  
  102  7:15  Probe x2 (Chrono Boost)  
  106  7:17  Probe (Chrono Boost)  
  106  7:19  Protoss Ground Armor Level 2  
  107  7:25  Assimilator  
  107  7:27  Probe x3 (Chrono Boost)  
  107  7:28  Protoss Ground Weapons Level 2  
  107  7:29  Assimilator  
  110  7:30  Pylon  
  110  7:31  Pylon  
  110  7:33  Pylon  
  110  7:39  Probe (Chrono Boost)  
  110  7:40  Probe (Chrono Boost)  
  106  7:53  Stalker x3  
  112  7:59  Disruptor  
  115  8:09  Probe (Chrono Boost), Adept x3  
  122  8:16  Probe (Chrono Boost)  
  107  8:21  Probe (Chrono Boost)  
  103  8:28  Probe (Chrono Boost)  
  103  8:32  Probe (Chrono Boost)  
  103  8:34  Probe (Chrono Boost)  
  101  8:35  Disruptor  
  101  8:40  Probe (Chrono Boost)  
  105  8:42  Probe (Chrono Boost)  
  105  8:46  Probe (Chrono Boost)  
  105  8:49  Adept  
  105  8:50  Photon Cannon, Adept x3  
  105  8:52  Probe (Chrono Boost)  
  105  8:53  Probe (Chrono Boost)  
  115  8:58  Probe (Chrono Boost)  
  116  9:02  Photon Cannon  
  116  9:04  Probe (Chrono Boost)  
  116  9:06  Photon Cannon, Probe (Chrono Boost)  
  118  9:11  Disruptor  
  118  9:12  Probe (Chrono Boost)  
  120  9:19  Adept  
  120  9:20  Adept x2  
  120  9:24  Resonating Glaives  
  126  9:27  Probe (Chrono Boost)  
  126  9:29  Stalker x2  
  131  9:31  Pylon  
  120  9:45  Adept  
  120  9:46  Adept x3  
  120  9:47  Protoss Ground Weapons Level 3, Protoss Ground Armor Level 3  
  120  9:52  Disruptor  
  117  10:05  Probe (Chrono Boost)  
  118  10:09  Stalker x4  
  126  10:20  Stalker x2  
  130  10:29  Disruptor, Pylon  
  130  10:31  Pylon  
  133  10:40  Stalker x3, Pylon  
  133  10:41  Stalker  
  141  10:50  Nexus  
  141  10:59  Stalker  
  143  11:05  Disruptor  
  143  11:08  Stalker x2, Probe (Chrono Boost)  
  151  11:19  Adept x2  
  151  11:23  Probe (Chrono Boost)  
  156  11:26  Adept x2  
  156  11:33  Stalker x2  
  156  11:39  Pylon  
  154  11:40  Disruptor  
  154  11:46  Adept x4  
  165  11:56  Pylon  
  165  11:58  Mothership Core (Chrono Boost)  
  167  12:01  Pylon  
  167  12:09  Stalker x4  
  172  12:23  Stalker x2  
  174  12:33  Disruptor  
  174  12:35  Stalker x2  
  174  12:36  Stalker x2  
  176  12:55  Nexus  
  174  13:05  Stalker x4  
  178  13:06  Stalker  
  146  13:32  Stalker x4  
  146  13:33  Stalker x2  
  134  13:53  Pylon  
  134  13:57  Stalker x3  
  134  13:58  Stalker x3  
  144  14:10  Disruptor  
  131  14:35  Stalker x2  
  131  14:36  Stalker x4  
Tags
 
Add a new tag
Caveats
  • Supply blocks, unpowered buildings, or Contaminate may cause inaccurate times.
  • Supply counts are checked every 10 seconds.